 Dungeon Crawl Stone Soup version 0.28-a0-622-gbaef9634d7 (webtiles) character file.

Game seed: 13960284408008809571

3 ytrimaz the Chopper (level 1, 19/19 HPs)
             Began as a Palentonga Berserker on Oct 7, 2021.
             Was a Follower of Trog.
             Quit the game on level 1 of the Dungeon.
             The game lasted 00:00:43 (58 turns).

ytrimaz the Chopper (Palentonga Berserker)            Turns: 58, Time: 00:00:43

Health: 19/19      AC:  4    Str: 20    XL:     1   Next: 41%
Magic:  1/1        EV:  9    Int:  7    God:    Trog [*.....]
Gold:   11         SH:  0    Dex:  9    Spells: 0/0 levels left

rFire   . . .      SeeInvis +   a - +0 hand axe
rCold   . . .      Faith    .   (no shield)
rNeg    . . .      Spirit   .   b - +0 animal skin
rPois   .          Reflect  .   (no helmet)
rElec   .          Harm     .   (no cloak)
rCorr   .          Rampage  .   (no gloves)
Will    .....                   (no barding)
Stlth   +.........              (no amulet)
HPRegen 0.06/turn               (no ring)
MPRegen 0.07/turn               (no ring)

@: no status effects
A: large, rugged brown scales 3, see invisible, deformed body, roll 1, armoured
tail
a: Rolling Charge, Renounce Religion, Berserk


You were on level 1 of the Dungeon.
You worshipped Trog.
Trog was aware of your devotion.
You visited 1 branch of the dungeon, and saw 1 of its levels.

You collected 11 gold pieces.

Inventory:

Hand Weapons
 a - a +0 hand axe (weapon)
Armour
 b - a +0 animal skin (worn)


   Skills:
 + Level 3.0 Fighting
 + Level 3.0 Axes
 + Level 1.6 Armour
 + Level 1.5 Dodging


You couldn't memorise any spells.
You didn't know any spells.
Your spell library was empty.

Dungeon Overview and Level Annotations

Branches:
Dungeon (1/15)

Altars:


Innate Abilities, Weirdness & Mutations

You are completely covered in rugged brown scales. (AC +3, +7% HP)
You have supernaturally acute eyesight. (SInv)
Armour fits poorly on your strangely shaped body.
You can roll at nearby foes to attack.
You have a long armoured tail.


Message History

You kill the bat!
Trog accepts your kill.
Found a stone staircase leading down.
You see here a bat corpse.
You recover from your berserk rage.
HP restored.
A kobold comes into view. It is wielding a +0 short sword.
A kobold is nearby!
A kobold is nearby!
There's nothing you can charge at!
The kobold shouts!
You see here a fuming coppery potion.
Roll where?
Press: ? - help, Dir - move target, f - kobold
Aim: a kobold, wielding a +0 short sword You roll forward with a clatter of scales!
You hit the kobold.
You kill the kobold!
Trog accepts your kill.
You hear an angry hiss.
You hear a shout!
You hear an angry hiss.
Found a stone staircase leading down.
You see here a +0 short sword.
Found a scroll labelled DYLOZO JENADD.
You see here a +0 short sword.
A ball python comes into view.
A ball python is nearby!
Roll where?
Press: ? - help, Dir - move target, f - ball python
Aim: a ball python (wandering, hasn't noticed you)
You roll forward with a clatter of scales!
The ball python hisses angrily.
You slash the ball python!
You kill the ball python!
Trog accepts your kill.
You hear a shout!
You hear an angry hiss.
Unknown command.
Are you sure you want to abandon this character and quit the game? (Confirm with "yes".)
Okay, then.
Your library has no spells.
Are you sure you want to abandon this character and quit the game? (Confirm with "yes".)

........# #......##
###.>..#..###..
.#..............
.........#.###..
?##..###........
#.##..#.#).###......
#.....#.#°.# .......
..>#...@°.## .......
..#......####.#....#
#.......!##.......##
#.#................#
##.#..###..#........
................# ##
##....†........#..##
.....................
...........).........


There were no monsters in sight!

Vanquished Creatures
  A bat (D:1)
  A kobold (D:1)
  A ball python (D:1)
3 creatures vanquished.

Notes
Turn   | Place    | Note
-------+----------+-------------------------------------------
     0 | D:1      | ytrimaz the Palentonga Berserker began the quest for the
                  | Orb.
     0 | D:1      | Reached XP level 1. HP: 19/19 MP: 1/1
    58 | D:1      | Quit the game

Illustrated notes

Levels and vault maps discovered:
D:1:      erik_arrival_blinker_ship, layout_rooms, minmay_tromino_v2

Action                   || total
-------------------------++-------
Melee: Hand axe          ||     6
Invok: Berserk           ||     1
 Abil: Rolling Charge    ||     2
Armor: Animal skin       ||     4
Dodge: Dodged            ||     5

Table legend: (Time is in decaauts)
 A = Elapsed time spent in this place.
 B = Non-inter-level travel time spent in this place.
 C = Inter-level travel time spent in this place.
 D = Time resting spent in this place.
 E = Time spent auto-exploring this place.
 F = Levels seen in this place.
 G = Mean time per level.
                   A        B        C        D        E       F      G
               +--------+--------+--------+--------+--------+-----+--------+
         Total |     65 |     65 |      0 |      0 |     17 |   1 |   65.0 |
       Dungeon |     65 |     65 |      0 |      0 |     17 |   1 |   65.0 |
               +--------+--------+--------+--------+--------+-----+--------+

Top non-repeatable levels by time:
     D:1: 65 daAuts
